 Dungeon Crawl Stone Soup version 0.30.1-11-g7821555f0a (webtiles) character file.

Game seed: 12913831304254969503

33829 MrIGI the Brawler (level 13, 0/131 HPs)
             Began as a Troll Fighter on Dec 27, 2023.
             Was a High Priest of Wu Jian.
             Killed by divine providence
             ... invoked by a smoke demon
             ... summoned by an orc high priest
              (15 damage)
             ... on level 2 of the Orcish Mines.
             The game lasted 00:57:21 (16407 turns).

MrIGI the Brawler (Troll Fighter)                  Turns: 16407, Time: 00:57:24

Health: 0/131      AC:  9    Str: 29    XL:     13   Next: 38%
Magic:  12/12      EV: 16    Int:  4    God:    Wu Jian [*****.]
Gold:   1928       SH: 13    Dex: 11    Spells: 12/12 levels left

rFire   . .          .
                       - Unarmed
rCold   + . .        a - +2 kite shield {reflect}
rNeg    . . .        H - +1 robe {rC+}
rPois   .            (helmet restricted)
rElec   .            (no cloak)
rCorr   .            (gloves unavailable)
SInv    .            (boots unavailable)
Will    .....        Q - amulet of the acrobat
Stlth   +            l - +4 ring of protection
HPRegen 1.21/turn    P - +5 ring of evasion
MPRegen 0.13/turn

%: reflection, acrobat
@: on fire, glowing, serpent's lash
A: large, unfitting armour, claws 3, regeneration 1, shaggy fur 1, tough skin 1
a: Renounce Religion, Wall Jump, Serpent's Lash, Heavenly Storm


You were on level 2 of the Orcish Mines.
You worshipped Wu Jian.
Wu Jian was extremely pleased with you.
You visited 4 branches of the dungeon, and saw 18 of its levels.

You collected 1928 gold pieces.

Inventory:

Hand Weapons
 b - a +0 shortbow
 j - a +3 dire flail of protection
 r - the +3 sling of Harmony {flame, Dex+4}
   (You found it on level 3 of the Dungeon)

   Dex:       It affects your dexterity (+4).
 x - a +2 scimitar of flaming
 B - the +8 mithril axe "Arga" {speed, Will+}
   (You found it on level 6 of the Dungeon)

   Will:      It increases your willpower.
 O - a +0 long sword
 T - the +8 quarterstaff "Wito" {heavy, Str+3}
   (You found it on level 11 of the Dungeon)

   Str:       It affects your strength (+3).
 W - the +6 shortbow of the Inviting Rat {heavy, MP+9 Str-2 SInv}
   (You found it on level 1 of the Lair of Beasts)

   Str:       It affects your strength (-2).
   MP:        It affects your magic capacity (+9).
   SInv:      It lets you see invisible.
Missiles
 o - 2 throwing nets (quivered)
 w - 4 silver javelins
 U - 24 large rocks
Armour
 a - a +2 kite shield of reflection (worn)
 H - a +1 robe of cold resistance (worn)
 J - a +0 troll leather armour
 Z - a +0 kite shield of protection
Magical Staves
 i - a staff of conjuration
Jewellery
 l - a +4 ring of protection (left claw)
 P - a +5 ring of evasion (right claw)
 Q - an amulet of the acrobat (around neck)
 S - a ring of protection from fire
 X - an amulet of reflection
Wands
 z - a wand of mindburst (56)
 F - a wand of polymorph (14)
 I - a wand of paralysis (11)
 K - a wand of roots (18)
 N - a wand of flame (12)
Scrolls
 d - a scroll of noise {unknown}
 g - 5 scrolls of fear
 h - 5 scrolls of teleportation
 k - 3 scrolls of fog
 n - 3 scrolls of vulnerability
 p - 5 scrolls of immolation
 u - a scroll of torment {unknown}
 y - a scroll of acquirement {unknown}
 C - a scroll of magic mapping
 D - 3 scrolls of amnesia
 G - a scroll of summoning {unknown}
 L - 2 scrolls of poison
 M - a scroll of enchant weapon
 V - a scroll of enchant armour {unknown}
 Y - 2 scrolls of blinking
Potions
 c - 5 potions of might
 e - 3 potions of heal wounds
 f - 6 potions of curing
 m - a potion of berserk rage {unknown}
 q - 4 potions of degeneration
 s - 5 potions of mutation
 t - a potion of lignification {unknown}
 v - 3 potions of haste
 A - 2 potions of magic
 E - 4 potions of flight
 R - 3 potions of brilliance


   Skills:
 + Level 9.6 Fighting
 - Level 2.6 Throwing
 - Level 6.0 Dodging
 + Level 10.4 Shields
 * Level 15.3 Unarmed Combat
 - Level 3.4 Evocations


You had 12 spell levels left.
You didn't know any spells.
Your spell library contained the following spells:

 Spells                   Type           Power      Damage    Failure   Level
 Beastly Appendage        Tmut           0%         N/A       65%         1
 Freeze                   Ice            0%         1d3       65%         1
 Shock                    Conj/Air       0%         1d3       65%         1
 Lesser Beckoning         Tloc           0%         N/A       80%         2
 Sublimation of Blood     Necr           0%         N/A       80%         2
 Wereblood                Tmut           0%         N/A       80%         2
 Frozen Ramparts          Ice            0%         1d1       95%         3
 Gell's Gravitas          Tloc           0%         N/A       95%         3
 Hailstorm                Conj/Ice       0%         3d3       95%         3
 Ignite Poison            Fire/Tmut/Pois 0%         N/A       95%         3
 Spider Form              Tmut/Pois      0%         N/A       95%         3
 Swiftness                Air            0%         N/A       95%         3
 Teleport Other           Tloc           0%         N/A       95%         3
 Tukima's Dance           Hex            0%         N/A       95%         3
 Airstrike                Air            0%         2d(0-16)  100%        4
 Passage of Golubria      Tloc           0%         N/A       100%        4
 Sticky Flame             Conj/Fire      0%         2d3       100%        4
 Summon Lightning Spire   Summ/Air       0%         N/A       100%        4
 Yara's Violent Unravell  Hex/Tmut       0%         3d3       100%        5
 Storm Form               Tmut/Air       0%         N/A       100%        7
 Summon Hydra             Summ           0%         N/A       100%        7
 Ignition                 Fire           0%         3d3       100%        8
 Maxwell's Capacitive Co  Air            0%         ∞         100%        8


Dungeon Overview and Level Annotations

Branches:
Dungeon (13/15)            Temple (1/1) D:5            Lair (2/5) D:11
    Orc (2/2) D:10            Elf (0/3) Orc:2
  Swamp: Lair:2-3    Shoals: Lair:2-3     Snake: Lair:2-3    Spider: Lair:2-3
 Vaults: D:13-14

Altars:
Ashenzari
Dithmenos
Fedhas
Gozag
Hepliaklqana
Kikubaaqudgha
Makhleb
Nemelex Xobeh
Okawaru
Qazlal
Ru
Trog
Uskayaw
Vehumet
Wu Jian
Xom
Yredelemnul
Zin
The Shining One
Jiyva

Shops:
D:6 (   D:12 [   Orc:2 (

Annotations:
D:4 Eustachio, Robin
D:8 2 runed translucent doors, exclusion: orange crystal statue
D:9 3 runed translucent doors, Tritorn's ghost, novice TrFi
D:11 2 runed translucent doors, Nimbul's ghost, novice FeWr
Temple 2 transporters
Lair:1 1 runed translucent door, Tritorn's ghost, journeyman TrFi


Innate Abilities, Weirdness & Mutations

You are too large for most types of armour.
You have claws for hands.
Your natural rate of healing is unusually fast.
You are covered in fur. (AC +1)
You have tough skin. (AC +1)


Message History

You are covered in liquid flames!
The orc shouts!
The smoke demon gestures at you. The sticky flame hits you!
You are covered in liquid flames!
The smoke demon gestures at you. Beogh smites you!
You block the sun demon's attack.
The orc high priest completely misses you.
You block the orc warrior's attack.
Okay, then.
Your muscles tense, ready for explosive movement...
You closely miss the orc high priest.
The orc high priest is lightly wounded.
You are covered in liquid flames!
The sun demon hits you!!
You are engulfed in flames!
* * * LOW HITPOINT WARNING * * *
You block the smoke demon's attack. x3
The smoke demon hits you but does no damage.
The smoke demon closely misses you. The smoke demon hits you.
* * * LOW HITPOINT WARNING * * *
You feel much better.
You are covered in liquid flames!
The orc high priest closely misses you. The orc warrior closely misses you.
The sun demon barely misses you. The smoke demon closely misses you.
You block the smoke demon's attack. x2; The smoke demon closely misses you.
You block the smoke demon's attack.
The smoke demon hits you but does no damage.
You mangle the orc high priest!!
The orc high priest is heavily wounded.
You are covered in liquid flames!
The sun demon hits you.
You are engulfed in flames!
* * * LOW HITPOINT WARNING * * *
The orc high priest hits you with a +0 scimitar.
* * * LOW HITPOINT WARNING * * *
An orc comes into view. It is wielding a +0 hand axe.
The orc warrior hits you with a +0 battleaxe!!
* * * LOW HITPOINT WARNING * * *
The smoke demon gestures at you. Beogh smites you!
You die...

.................................
#########.....############.......
#..)......# #...#... #.........#
#....... #.........#
########....... . #.........#
#.....##..#....
....###.........###.....##.###...
................33......#####....
................@oo.....# #...#.
##..............3o...#### ##.###
#..###.........###o.# ### #..
#.........# #..# #. #........o#
#..# # #....⌠....# #3.#
#^........# #3.# ........# #.o#
....... #oo#


You could see an orc high priest, a sun demon (summoned), 2 smoke demons, an orc
warrior and 3 orcs.

Vanquished Creatures
  An orc warlord (Orc:2)
  Azrael (D:12)
  3 boulder beetles
  4 centaur warriors
  3 two-headed ogres
  2 tengu warriors (D:13)
  3 orc high priests
  A slime creature (D:13)
  4 orc knights
  2 deep elf pyromancers (D:12)
  4 orc sorcerers
  2 ugly things
  An oklob plant (Orc:2)
  6 cyclopes
  2 black mambas (Lair:1)
  3 komodo dragons
  5 trolls
  5 blink frogs (Lair:1)
  Grinder (D:3)
  The ghost of caleiya the Covered, an amateur GrFi (D:5)
  A vampire (D:13)
  4 wraiths
  12 yaks
  4 fire elementals (D:12)
  A wyvern (D:10)
  7 vampire mosquitoes
  3 wargs
  2 steam dragons
  2 acid dragons
  3 water moccasins
  A hell hound (D:12)
  An ice beast (D:7)
  24 orc warriors
  A sky beast (D:7)
  6 ogres
  2 centaurs
  4 kobold brigands
  3 bullfrogs
  Blork the orc (D:4)
  2 scorpions
  9 wights (D:9)
  9 killer bees
  5 howler monkeys
  2 hounds
  A jelly (D:7)
  2 gnoll boudas (D:5)
  23 orc priests
  2 iguanas
  28 orc wizards
  5 hell rats (Lair:1)
  8 adders
  7 gnolls (D:5)
  A shadow imp (D:7)
  3 white imps
  An ufetubus (D:6)
  3 worms (D:2)
  4 dart slugs
  94 orcs
  5 endoplasms
  A giant cockroach (D:2)
  3 hobgoblins
  9 jackals
  3 quokkas
  5 ball pythons
  5 bats
  3 frilled lizards
  6 goblins
  30 kobolds
  5 rats
420 creatures vanquished.

Vanquished Creatures (others)
  An angel (D:5)
  An orc (D:6)
2 creatures vanquished.

Grand Total: 422 creatures vanquished

Notes
Turn   | Place    | Note
-------+----------+-------------------------------------------
     0 | D:1      | MrIGI the Troll Fighter began the quest for the Orb.
     0 | D:1      | Reached XP level 1. HP: 22/22 MP: 0/0
    38 | D:1      | Reached XP level 2. HP: 29/29 MP: 1/1
   443 | D:1      | Reached XP level 3. HP: 36/36 MP: 2/2
   786 | D:1      | Found a faded altar of an unknown god.
  1250 | D:2      | Reached skill level 3 in Unarmed Combat
  1623 | D:3      | Reached XP level 4. HP: 39/44 MP: 3/3
  1789 | D:3      | Identified the +3 sling of Harmony {flame, Dex+4}
  1967 | D:3      | Reached XP level 5. HP: 32/53 MP: 4/4
  2006 | D:3      | You fall into a shaft and drop 3 floors!
  2036 | D:6      | Found a burning altar of Makhleb.
  2036 | D:6      | Noticed a steam dragon
  2172 | D:7      | Reached skill level 4 in Unarmed Combat
  2187 | D:7      | Reached XP level 6. HP: 61/61 MP: 5/5
  2388 | D:7      | Noticed an ice beast
  2393 | D:7      | Killed an ice beast
  2563 | D:6      | Reached skill level 5 in Unarmed Combat
  2576 | D:5      | Entered Level 5 of the Dungeon
  2598 | D:5      | Noticed an angel
  2599 | D:5      | Found a glowing silver altar of Zin.
  2600 | D:5      | Found a shimmering altar of Xom.
  2630 | D:4      | Noticed Blork the orc
  2644 | D:4      | Killed Blork the orc
  2645 | D:4      | Reached XP level 7. HP: 68/68 MP: 6/6
  2686 | D:3      | Noticed Grinder
  2707 | D:3      | Killed Grinder
  2708 | D:3      | Reached skill level 1 in Throwing
  3086 | D:4      | Noticed Eustachio
  3094 | D:4      | Noticed Robin
  3236 | D:5      | Found a broken altar of Ashenzari.
  3237 | D:5      | Identified the +2 ring mail of the Wonderful Serpent {rN++
                  | Regen+}
  3240 | D:5      | Found an ancient bone altar of Kikubaaqudgha.
  3259 | D:5      | Killed an angel
  3278 | D:5      | Found a runed translucent door.
  3278 | D:5      | Noticed caleiya's ghost (amateur GrFi)
  3328 | D:5      | Reached skill level 6 in Unarmed Combat
  3541 | D:5      | Reached XP level 8. HP: 78/78 MP: 7/7
  3733 | D:5      | Found a staircase to the Ecumenical Temple.
  3739 | Temple   | Entered the Ecumenical Temple
  3739 | Temple   | Found a transporter.
  3739 | Temple   | Found a transporter.
  3741 | Temple   | Found a transporter.
  3741 | Temple   | Found a transporter.
  3756 | Temple   | Became a worshipper of the Wu Jian Council
  4183 | D:5      | Killed caleiya's ghost
  4284 | D:6      | Found Votueten's Weapon Boutique.
  4320 | D:6      | Reached skill level 5 in Shields
  4333 | D:6      | Reached skill level 7 in Unarmed Combat
  4592 | D:6      | Found the +8 mithril axe "Arga" {speed, Will+}
  5263 | D:7      | Reached skill level 5 in Fighting
  5281 | D:7      | Found an opulent altar of Gozag.
  5426 | D:8      | Found the +10 tower shield of Ignorance {rN+ Int-4}
  5432 | D:8      | Found a runed translucent door.
  5462 | D:8      | Found a runed translucent door.
  5463 | D:8      | Noticed an orange crystal statue
  5497 | D:8      | Identified the +5 dagger "Raisin" {freeze, Int+2}
  5551 | D:8      | Reached XP level 9. HP: 66/88 MP: 8/8
  5606 | D:8      | Reached skill level 8 in Unarmed Combat
  5613 | D:8      | Reached * piety under Wu Jian
  5718 | D:8      | Noticed a centaur warrior
  5736 | D:8      | Killed a centaur warrior
  5869 | D:8      | Reached skill level 9 in Unarmed Combat
  6119 | D:8      | Noticed a two-headed ogre
  6238 | D:10     | Entered Level 10 of the Dungeon
  6311 | D:9      | Reached XP level 10. HP: 85/98 MP: 9/9
  6384 | D:9      | Found a runed translucent gate.
  6385 | D:9      | Found a runed translucent gate.
  6387 | D:9      | Found a runed translucent gate.
  6388 | D:9      | Noticed Tritorn's ghost (novice TrFi)
  6473 | D:9      | Noticed a two-headed ogre
  6486 | D:9      | Killed a two-headed ogre
  6487 | D:9      | Reached skill level 10 in Unarmed Combat
  6487 | D:9      | Reached skill level 1 in Evocations
  6599 | D:9      | Reached ** piety under Wu Jian
  7539 | D:9      | Found a viscous altar of Jiyva.
  8302 | D:10     | Found a staircase to the Orcish Mines.
  8339 | D:10     | Reached *** piety under Wu Jian
  8558 | D:10     | Reached skill level 11 in Unarmed Combat
  9436 | D:11     | Found a large runed translucent door.
  9436 | D:11     | Found a large runed translucent door.
  9459 | D:11     | Noticed Nimbul's ghost (novice FeWr)
  9613 | D:11     | Noticed a purple ugly thing
  9627 | D:11     | Killed a purple ugly thing
  9628 | D:11     | Reached XP level 11. HP: 109/109 MP: 10/10
  9699 | D:11     | Reached skill level 5 in Dodging
  9829 | D:11     | Found a staircase to the Lair.
  9858 | D:11     | Noticed a two-headed ogre
  9862 | D:11     | Killed a two-headed ogre
  9903 | D:11     | Identified the +8 quarterstaff "Wito" {heavy, Str+3}
 10109 | D:11     | Noticed a two-headed ogre
 10120 | D:11     | Killed a two-headed ogre
 10415 | Lair:1   | Entered Level 1 of the Lair of Beasts
 10582 | Lair:1   | Found a runed translucent door.
 10582 | Lair:1   | Found a shimmering altar of Xom.
 10582 | Lair:1   | Noticed Tritorn's ghost (journeyman TrFi)
 10582 | Lair:1   | Noticed a +0 long sword of chaos
 10972 | Lair:1   | Identified the +6 shortbow of the Inviting Rat {heavy, MP+9
                  | Str-2 SInv}
 11136 | Lair:1   | Reached skill level 12 in Unarmed Combat
 11531 | Lair:2   | Noticed a death yak
 11635 | Lair:2   | Noticed a catoblepas
 11702 | Lair:2   | Noticed a death yak
 11703 | Lair:2   | Noticed a death yak
 11703 | Lair:2   | Noticed a death yak
 11703 | Lair:2   | Noticed a death yak
 11715 | Lair:2   | Noticed a death yak
 11881 | D:12     | Noticed a red ugly thing
 11890 | D:13     | Noticed a centaur warrior
 11902 | D:13     | Killed a centaur warrior
 11929 | D:13     | Noticed a centaur warrior
 11946 | D:13     | Killed a centaur warrior
 11967 | D:13     | Found a gate leading to a gauntlet.
 11974 | D:13     | Noticed a tengu warrior
 11987 | D:13     | Killed a tengu warrior
 12056 | D:13     | Noticed a tengu warrior
 12085 | D:13     | Killed a tengu warrior
 12086 | D:13     | Reached XP level 12. HP: 80/119 MP: 11/11
 12410 | D:13     | Noticed a centaur warrior
 12420 | D:13     | Killed a centaur warrior
 12452 | D:13     | Noticed a boulder beetle
 12539 | D:13     | Killed a boulder beetle
 12540 | D:13     | Reached skill level 13 in Unarmed Combat
 12631 | D:13     | Noticed a boulder beetle
 12691 | D:13     | Killed a boulder beetle
 12868 | D:13     | Reached **** piety under Wu Jian
 13126 | D:12     | Noticed Azrael
 13157 | D:12     | Killed Azrael
 13158 | D:12     | Reached skill level 14 in Unarmed Combat
 13283 | D:12     | Identified the +3 kite shield "Gisa" {Fly Will+}
 13439 | D:12     | Noticed a boulder beetle
 13461 | D:12     | Killed a boulder beetle
 13609 | D:12     | Found Muneh's Antique Armour Boutique.
 13834 | Orc:1    | Entered Level 1 of the Orcish Mines
 14024 | Orc:1    | Noticed an orc high priest
 14127 | Orc:1    | Killed an orc high priest
 14429 | Orc:2    | Entered Level 2 of the Orcish Mines
 14555 | Orc:2    | Found Zilusoh's Weapon Shoppe.
 14669 | Orc:2    | Found a staircase to the Elven Halls.
 14803 | Orc:2    | Reached XP level 13. HP: 108/131 MP: 12/12
 14814 | Orc:2    | Reached ***** piety under Wu Jian
 14906 | Orc:2    | Reached skill level 10 in Shields
 15322 | Orc:2    | Noticed an orc warlord
 15408 | Orc:2    | Killed an orc warlord
 15759 | Orc:2    | Reached skill level 15 in Unarmed Combat
 16407 | Orc:2    | Killed from afar by a smoke demon

Illustrated notes

Levels and vault maps discovered:
D:1:      wheals_arrival_shading, layout_basic,
          hellmonk_ecumenical_altar_inner_sanctum
D:2:      layout_basic
D:3:      minmay_angry_zag, layout_loops_ring, uniq_grinder
D:4:      layout_cave_pools, mainiacjoe_overflow_cross_hatched,
          grunt_decor_junction, uniq_eustachio, uniq_robin, uniq_ijyb,
          uniq_blork_the_orc
D:5:      layout_basic, grunt_temple_overflow_order_and_chaos_1,
          grunt_temple_overflow_open, minmay_temple_entry_enclosed_plants,
          hellmonk_ghost_happy_afterlife
D:6:      layout_loops_ring, general_overflow_altar, serial_shops,
          nicolae_shop_trees
D:7:      layout_loops_corners, grunt_gozag_breadcrumbs
D:8:      layout_basic, st_stairs_5, chequers_guarded_unrand_ignorance
D:9:      layout_layer_cave, gammafunk_ghost_ooze, hangedman_decor_lopped
D:10:     layout_grid_maze, erik_orc_4
D:11:     layout_loops_ring, lair_entry_dummy, ebering_ghost_disaster_area
D:12:     layout_cave_pools, serial_shops, nicolae_shop_pleasant_corner_grove,
          nicolae_concentric_dashed_squares_mild, uniq_azrael
D:13:     layout_loops_ring, grunt_vaults_entry_tiered, gauntlet_entry_generic
Temple:   hellmonk_temple_divided_pantheon
Lair:1:   layout_small_grid, ebering_ghost_xom
Lair:2:   minmay_guarded_unrand_snakebite, layout_chaotic_city, st_stairs_3,
          serial_bayou_shore_b
Orc:1:    layout_diamond_mine, kennysheep_orc_chapel
Orc:2:    st_orc_congregation, layout_caves, serial_shops, shop, mines3_lemuel

Skill      XL: |  1  2  3  4  5  6  7  8  9 10 11 12 13 |
---------------+----------------------------------------+-----
Shields        | 3 4 5 6 7 8 9 10 | 10.4
Unarmed Combat | 3 4 5 6 7 9 11 12 14 15 | 15.3
Dodging        | 3 4 6 |  6.0
Fighting       | 3 4 5 6 7 8 9 |  9.6
Throwing       | 1 2 |  2.6
Evocations     | 2 3 |  3.4

Action                     |  1- 3 |  4- 6 |  7- 9 | 10-12 | 13-15 || total
---------------------------+-------+-------+-------+-------+-------++-------
  Melee: Unarmed           |   119 |   116 |   304 |   737 |   219 ||  1495
 Invoke: Serpent's Lash    |       |       |       |     1 |     3 ||     4
Ability: Lunge             |       |       |    10 |    31 |    19 ||    60
         Whirlwind         |       |       |     4 |    28 |    18 ||    50
  Evoke: Wand              |       |       |       |     2 |       ||     2
    Use: Scroll            |       |     3 |       |    17 |       ||    20
         Potion            |       |       |       |       |     1 ||     1
   Stab: Petrified         |       |       |       |     3 |       ||     3
         Sleeping          |       |       |       |     1 |     1 ||     2
         Distracted        |       |       |       |     1 |       ||     1
 Armour: Robe              |    42 |    36 |    90 |   122 |    13 ||   303
  Dodge: Dodged            |    45 |    23 |   114 |   320 |    87 ||   589
  Block: Kite shield       |    40 |    34 |   112 |   364 |    93 ||   643
         Reflection        |       |       |       |     9 |     2 ||    11
